Map: Terraform LE (Void)

Players

Zwark

  • Race: Terran Terran
  • League: Bronze

wabbajack - Winner!

  • Race: Zerg Zerg
  • League: Gold

VOD

Have the link to the VOD?

Description

Time

  • Played on: July 19, 2015, 5:39 p.m.
  • Length: 17:14
Show
View Real Time Build Order
Export as new Build Order

Zwark Terran 

Build Orders:  

Get SALT Encoding   

  12  0:01  SCV  
  13  0:13  SCV  
  14  0:19  Supply Depot  
  14  0:27  SCV  
  15  0:41  SCV  
  16  0:53  SCV  
  17  1:04  Barracks  
  17  1:08  SCV, Supply Depot  
  18  1:30  Command Center  
  18  1:31  SCV  
  19  1:47  SCV  
  19  1:52  Marine  
  21  1:55  Refinery  
  21  1:57  Refinery  
  21  2:06  Orbital Command  
  21  2:09  Marine  
  22  2:27  Marine  
  23  2:34  SCV  
  24  2:48  Command Center  
  24  2:52  Orbital Command  
  24  3:05  Marine  
  25  3:08  Supply Depot  
  25  3:09  SCV  
  25  3:16  Bunker  
  25  3:23  Supply Depot, SCV  
  25  3:26  Marine  
  27  3:36  SCV  
  27  3:38  Engineering Bay  
  28  3:44  Supply Depot  
  28  3:45  Marine  
  29  3:53  Factory  
  29  3:57  SCV  
  29  3:58  SCV  
  29  4:01  SCV  
  32  4:03  Marine  
  33  4:16  SCV  
  27  4:21  Marine  
  24  4:29  Orbital Command  
  24  4:30  SCV x2  
  23  4:39  Marine  
  23  4:42  SCV  
  23  4:43  SCV  
  23  4:44  Factory Reactor  
  26  4:56  Starport  
  26  4:58  SCV x2  
  28  5:05  SCV  
  29  5:07  Barracks Reactor  
  29  5:10  SCV  
  29  5:11  SCV  
  31  5:17  SCV  
  32  5:21  Engineering Bay  
  32  5:22  SCV  
  32  5:23  Hellion  
  35  5:32  SCV x2  
  35  5:34  SCV, Widow Mine  
  35  5:35  Medivac  
  42  5:38  Terran Infantry Weapons Level 1  
  42  5:44  SCV  
  42  5:48  Barracks  
  43  5:53  Terran Infantry Armor Level 1  
  43  5:54  SCV, Barracks  
  43  5:55  SCV  
  43  5:56  SCV  
  46  5:58  Widow Mine  
  48  6:06  SCV  
  48  6:07  SCV  
  48  6:08  SCV, Marine  
  48  6:09  Marine  
  48  6:11  Starport Reactor  
  53  6:18  SCV  
  54  6:19  SCV  
  54  6:22  Supply Depot  
  55  6:26  Supply Depot  
  55  6:27  Marine x2  
  55  6:31  Barracks  
  57  6:44  SCV x2  
  57  6:45  SCV, Marine  
  61  6:50  Missile Turret  
  61  6:51  Barracks Reactor, Barracks Tech Lab  
  61  6:56  SCV  
  61  6:57  SCV x2  
  64  7:01  Armory  
  64  7:02  Missile Turret  
  63  7:08  SCV  
  63  7:15  Marine x2  
  65  7:16  Marauder, Medivac, Widow Mine x2  
  65  7:17  SCV, Medivac  
  65  7:18  SCV  
  65  7:21  SCV  
  71  7:37  Marauder, Marine x3  
  71  7:38  Barracks Tech Lab, Marine  
  77  7:50  SCV x2  
  77  7:55  Marine x2  
  75  7:58  Marauder  
  75  7:59  Terran Infantry Weapons Level 2  
  75  8:02  SCV  
  75  8:03  SCV  
  79  8:07  Refinery  
  79  8:08  Marine  
  79  8:09  Orbital Command, Marine x2  
  82  8:14  SCV  
  85  8:20  Marauder  
  85  8:22  Marine x2  
  85  8:23  Widow Mine x2  
  85  8:26  Marine  
  92  8:27  Marauder  
  92  8:31  SCV x2  
  92  8:32  Marine  
  95  8:38  Refinery  
  95  8:40  Marine  
  96  8:42  Missile Turret  
  96  8:43  SCV  
  96  8:45  SCV x2  
  96  8:46  Missile Turret  
  99  8:58  SCV  
  99  8:59  SCV  
  101  9:03  Refinery  
  101  9:08  Supply Depot  
  101  9:09  Supply Depot  
  101  9:10  Supply Depot  
  101  9:12  Supply Depot  
  101  9:15  Bunker  
  101  9:29  Widow Mine  
  101  9:30  SCV x2, Marine x4  
  101  9:31  SCV, Marine x2  
  112  9:39  Refinery, Widow Mine  
  112  9:40  Medivac x2  
  112  9:42  SCV x2  
  112  9:43  SCV  
  121  9:47  Marine x3  
  121  9:49  Marauder  
  126  9:53  Missile Turret x2, Terran Infantry Armor Level 2  
  126  9:54  SCV x2, Missile Turret, Marine  
  126  9:55  SCV  
  126  9:56  Marine  
  126  9:57  Missile Turret  
  126  9:58  Missile Turret, Widow Mine  
  126  9:59  Missile Turret  
  133  10:13  Barracks  
  133  10:14  Barracks  
  133  10:16  Barracks  
  133  10:19  Factory  
  133  10:26  Supply Depot  
  133  10:27  Supply Depot x2  
  133  10:28  Terran Infantry Weapons Level 3  
  133  10:32  Stimpack  
  133  10:47  SCV, Marauder, Marine x5  
  141  11:03  Marine  
  143  11:05  Barracks Tech Lab, Marauder, Marine x3  
  143  11:09  Marauder  
  148  11:17  Marine  
  148  11:18  Widow Mine x2  
  148  11:19  Medivac x2  
  148  11:21  Factory Tech Lab  
  157  11:26  Supply Depot x2  
  157  11:27  Supply Depot x2, Barracks Reactor, Marine  
  157  11:30  Supply Depot  
  157  11:34  Marine  
  157  11:37  Marauder  
  157  11:38  Marauder  
  152  11:40  Supply Depot  
  152  11:41  Supply Depot x2  
  139  11:56  Widow Mine, Marine x4  
  139  11:57  Marauder, Widow Mine  
  139  11:59  Marauder  
  150  12:04  Thor  
  150  12:05  SCV  
  150  12:06  SCV x2, Marine  
  150  12:07  Marauder, Marine  
  161  12:16  Marine  
  161  12:17  Marine  
  161  12:18  SCV, Marauder  
  144  12:30  Marine x4  
  114  12:46  Marine x3  
  114  12:47  Marauder  
  114  12:48  SCV  
  114  12:49  SCV  
  116  12:55  Marine x3  
  116  12:56  Marine, Marauder  
  117  13:04  Marauder, Marine  
  119  13:21  Command Center, Hi-Sec Auto Tracking  
  119  13:33  Marine x5  
  119  13:34  Marauder, Marine x2  
  125  13:35  Marauder  
  130  13:44  Command Center  
  130  13:51  Marine x2  
  132  13:58  Marine x3  
  123  14:15  Marine  
  123  14:16  Marine x2  
  126  14:24  Marine x3  
  114  14:42  Marine x3  
  77  14:53  Marine  
  57  15:23  Marine x3  
  57  15:24  Marine x4  
  57  15:25  Marauder  
  66  15:31  Marine  
  50  15:41  Marine x3  
  49  15:48  Marine x2  
Show
View Real Time Build Order
Export as new Build Order

wabbajack Zerg - Winner!

Build Orders: Hatch First, Lurkers 

Get SALT Encoding   

  12  0:02  Drone  
  13  0:15  Overlord  
  13  0:20  Drone  
  14  0:23  Drone, Extractor  
  15  0:34  Drone  
  16  0:38  Drone  
  17  0:56  Hatchery  
  16  1:01  Drone  
  16  1:02  Drone  
  18  1:06  Extractor  
  17  1:11  Drone  
  18  1:25  Spawning Pool  
  17  1:31  Drone x2  
  19  1:46  Overlord  
  19  2:07  Drone x2  
  21  2:13  Metabolic Boost, Extractor  
  21  2:14  Queen  
  21  2:15  Queen  
  22  2:22  Zergling x2  
  25  2:23  Zergling x2  
  25  2:25  Zergling x2  
  27  2:34  Baneling Nest  
  26  2:39  Drone  
  26  2:41  Drone  
  26  2:44  Drone  
  29  2:54  Pneumatized Carapace  
  29  3:00  Zergling x4  
  31  3:14  Overlord  
  31  3:23  Baneling  
  31  3:24  Baneling x2  
  31  3:25  Baneling x2  
  31  3:26  Baneling  
  31  3:34  Zergling x2  
  29  4:29  Drone  
  29  4:30  Drone x14  
  42  4:35  Overlord  
  41  4:41  Hatchery  
  40  4:47  Overlord  
  40  4:50  Lair  
  40  5:02  Roach Warren  
  40  5:05  Evolution Chamber  
  40  5:06  Evolution Chamber  
  37  5:16  Queen  
  37  5:18  Zergling x2  
  37  5:19  Zergling x10  
  37  5:20  Zergling x2  
  46  5:35  Roach Warren  
  45  5:41  Zerg Missile Weapons Level 1, Zerg Ground Armor Level 1  
  46  5:49  Glial Reconstitution  
  46  5:51  Hydralisk Den  
  46  5:52  Drone x4, Spore Crawler  
  46  5:53  Drone  
  49  6:02  Queen  
  51  6:05  Drone x3  
  51  6:06  Drone  
  51  6:09  Extractor x2  
  51  6:42  Baneling  
  51  6:43  Baneling x3  
  51  6:46  Baneling x4  
  53  7:01  Roach  
  53  7:02  Overlord x3, Roach x6  
  53  7:03  Overlord  
  53  7:07  Spore Crawler  
  64  7:08  Spine Crawler  
  60  7:59  Overseer  
  60  8:09  Drone x2  
  60  8:10  Drone x6  
  60  8:11  Overlord x7  
  60  8:12  Overlord, Lurker Den  
  68  8:19  Overseer  
  68  8:23  Zerg Ground Armor Level 2, Zerg Missile Weapons Level 2  
  68  8:32  Infestation Pit  
  67  8:35  Drone  
  67  8:36  Drone x10  
  76  9:10  Drone x3, Extractor  
  76  9:11  Drone x3  
  76  9:12  Drone, Extractor  
  76  9:13  Drone x4  
  76  9:16  Tunneling Claws  
  85  9:19  Burrow  
  85  9:21  Hydralisk x5  
  95  9:42  Drone  
  95  9:43  Drone  
  95  9:44  Spore Crawler, Spine Crawler  
  95  9:57  Muscular Augments  
  95  9:59  Lurker x3  
  98  10:11  Hatchery  
  98  10:12  Hive  
  97  10:17  Hatchery  
  97  10:18  Drone x5  
  97  10:21  Roach x7  
  115  10:31  Spine Crawler  
  114  10:43  Spore Crawler  
  114  10:46  Zergling x10  
  114  10:47  Zergling x2  
  114  10:48  Roach x12  
  143  10:59  Spine Crawler  
  143  11:00  Spine Crawler  
  141  11:08  Zerg Melee Weapons Level 1  
  141  11:17  Baneling x3  
  141  11:18  Baneling  
  141  11:20  Overlord x3  
  127  12:05  Hydralisk x6, Roach x2  
  127  12:06  Hydralisk x4, Roach x6  
  127  12:07  Roach x2  
  164  12:10  Hatchery  
  164  12:12  Hatchery  
  162  12:16  Hydralisk  
  162  12:17  Hatchery  
  162  12:21  Roach x7  
  135  12:54  Hydralisk x3  
  135  12:55  Hydralisk x2, Roach x5  
  151  13:10  Drone x2  
  153  13:14  Drone  
  153  13:15  Drone x3  
  147  13:40  Lurker  
  147  13:41  Lurker x5  
  153  13:42  Lurker  
  153  13:44  Hydralisk x4, Roach  
  153  13:45  Roach x4  
  172  13:49  Extractor  
  172  13:50  Extractor  
  170  13:58  Roach x25  
  170  14:05  Drone  
  170  14:06  Extractor  
  170  14:08  Drone x3  
  168  14:26  Lair  
  154  14:48  Hydralisk x6, Roach x2  
  154  14:49  Hydralisk, Roach x5  
  128  15:40  Roach x4  
Tags
 
Add a new tag
Caveats
  • Supply blocks, unpowered buildings, or Contaminate may cause inaccurate times.
  • Supply counts are checked every 10 seconds.